 Dungeon Crawl Stone Soup version 0.30.1-9-gdf580d7c3d (webtiles) character file.

Game seed: 6484071278454264900

6024 Ivernyr the Protected (level 11, -3/92 HPs)
             Began as a Formicid Fighter on Sept 29, 2023.
             Was a Priest of Wu Jian.
             Slain by Gastronok (30 damage)
             ... on level 1 of the Lair of Beasts.
             The game lasted 00:23:48 (9660 turns).

Ivernyr the Protected (Formicid Fighter)            Turns: 9660, Time: 00:23:49

Health: -3/92      AC: 14    Str: 28    XL:     11   Next: 11%
Magic:  11/11      EV:  8    Int:  7    God:    Wu Jian [***...]
Gold:   542        SH: 20    Dex: 19    Spells: 10/10 levels left

rFire   . . .        a - +3 morningstar
rCold   . . .        c - +5 tower shield "Duanigg" {Str+2}
rNeg    . . .        b - +0 scale mail
rPois   .            (helmet unavailable)
rElec   .            (no cloak)
rCorr   .            k - +0 pair of gloves
SInv    +            (no boots)
Will    +....        (no amulet)
Stlth   x              - +6 ring of dexterity
HPRegen 0.35/turn    A - +4 ring of protection
MPRegen 0.12/turn

%: no passive effects
@: mighty
A: permanent stasis, dig shafts and tunnels, antennae 3, four strong arms
a: Dig, Shaft Self, Renounce Religion, Wall Jump, Serpent's Lash


You were on level 1 of the Lair of Beasts.
You worshipped Wu Jian.
Wu Jian was most pleased with you.
You visited 3 branches of the dungeon, and saw 12 of its levels.

You collected 542 gold pieces.

Inventory:

Hand Weapons
 a - a +3 morningstar (weapon)
Armour
 b - a +0 scale mail (worn)
 c - the +5 tower shield "Duanigg" (worn) {Str+2}
   (You found it on level 6 of the Dungeon)

   Str:       It affects your strength (+2).
 k - a +0 pair of gloves (worn)
Jewellery
 x - a +6 ring of dexterity (left hand)
 A - a +4 ring of protection (right hand)
 C - a ring of protection from cold
 F - a ring of positive energy
Wands
 o - a wand of polymorph (12)
 y - a wand of flame (21)
 B - a wand of iceblast (4)
 D - a wand of mindburst (6)
Scrolls
 e - a scroll of enchant weapon {unknown}
 h - 2 scrolls of fear
 l - a scroll of amnesia
 s - 2 scrolls of enchant armour
 v - a scroll of silence
Potions
 d - 2 potions of might
 f - a potion of degeneration {unknown}
 i - a potion of curing
 j - 2 potions of magic
 p - a potion of flight {unknown}
 t - 4 potions of heal wounds
 u - 3 potions of mutation
 w - 2 potions of lignification {unknown}
 z - 3 potions of attraction {unknown}
 H - a potion of ambrosia {unknown}


   Skills:
 + Level 10.4 Fighting
 * Level 9.6 Maces & Flails
 + Level 10.4 Armour
 + Level 5.3 Shields


You had 10 spell levels left.
You didn't know any spells.
Your spell library contained the following spells:

 Spells                   Type           Power      Damage    Failure   Level
 Kiss of Death            Conj/Necr      0%         2d5       98%         1
 Ensorcelled Hibernation  Hex/Ice        0%         N/A       99%         2
 Searing Ray              Conj           0%         2d4       99%         2
 Confusing Touch          Hex            0%         N/A       100%        3
 Dazzling Flash           Conj/Hex       0%         N/A       100%        3
 Ozocubu's Armour         Ice            0%         N/A       100%        3
 Dispel Undead            Necr           0%         3d6       100%        4
 Manifold Assault         Tloc           0%         N/A       100%        4
 Olgreb's Toxic Radiance  Pois           0%         N/A       100%        4
 Arcjolt                  Conj/Air       0%         1d10      100%        5
 Irradiate                Conj/Tmut      0%         3d11      100%        5
 Lee's Rapid Deconstruct  Erth           0%         3d4*      100%        5
 Simulacrum               Ice/Necr       0%         N/A       100%        6
 Ozocubu's Refrigeration  Ice            0%         4d7       100%        7
 Storm Form               Tmut/Air       0%         N/A       100%        7
 Discord                  Hex            0%         N/A       100%        8
 Ignition                 Fire           0%         3d3       100%        8
 Lehudib's Crystal Spear  Conj/Erth      0%         10d2      100%        8
 Fire Storm               Conj/Fire      0%         5d1       100%        9
 Blink                    Tloc           Unusable   N/A       N/A         2

Dungeon Overview and Level Annotations

Branches:
Dungeon (10/15)            Temple (1/1) D:4            Lair (1/5) D:8
    Orc: D:9-12

Altars:
Cheibriados
Gozag
Kikubaaqudgha
Makhleb
Okawaru
Qazlal
Trog
Wu Jian
Xom
Zin
The Shining One

Shops:
D:2 *

Annotations:
Lair:1 Gastronok


Innate Abilities, Weirdness & Mutations

You cannot be hasted, slowed, berserked, paralysed or teleported.
You can dig through walls and to a lower floor.
You have a pair of large antennae on your head. (SInv)
Your four strong arms can wield two-handed weapons with a shield.


Message History

There is a stone staircase leading down here.
There is an open door here.
There is an open door here.
There is a staircase to the Lair here.
You climb downwards.
Welcome to the Lair of Beasts!
Found a chain mail and 20 gold pieces.
There is a staircase back to the Dungeon here.
You now have 542 gold pieces (gained 20).
As you open the door, it creaks loudly!
There is an open door here.
Gastronok the Ponderous comes into view.
He is wearing a +1 hat of intelligence.
Gastronok gurgles horribly!
Gastronok waves his eye-stalks in wide circles.
The air twists around and strikes you!!
You start resting.
Gastronok is nearby!
You start resting.
You sense a monster nearby.
You feel very mighty all of a sudden.
You puncture Gastronok!
Gastronok is lightly wounded.
You impale Gastronok!!
Gastronok is moderately wounded.
Gastronok bites you!!
You bludgeon Gastronok!!
Gastronok is heavily wounded.
You puncture Gastronok!
Gastronok is heavily wounded.
Gastronok sloshes about.
Gastronok bites you!!
* * * LOW HITPOINT WARNING * * *
You thump Gastronok!
Gastronok is severely wounded.
Gastronok completely misses you.
You impale Gastronok!!
Gastronok is severely wounded.
You impale Gastronok!!
Gastronok is almost dead.
Gastronok bites you!!
You die...

#.....#... ...#
#.....#.#######..#
#.[..............#
##..........#P.P..# .
#P.<........#...#.## ..
#P.^........#...#..#######...
##..........#...#............
#..........##'##............
#..........@w...............
###P####P#.##P##.###.######P
### ########### ###


You could see Gastronok.

Vanquished Creatures
  Amaemon (D:9)
  Pikel (D:9)
  Joseph (D:9)
  An orange demon (D:9)
  An unseen horror (D:9)
  Psyche (D:9)
  A shadow (D:10)
  Eustachio (D:5)
  A wraith (D:9)
  2 steam dragons
  4 water moccasins
  An orc warrior (D:9)
  3 sky beasts
  A black bear (D:7)
  A centaur (D:9)
  2 kobold brigands
  11 wights
  8 killer bees
  6 howler monkeys
  4 orc priests
  5 hounds
  4 jellies
  7 iguanas
  Jessica (D:3)
  A sleepcap (D:8)
  4 orc wizards
  7 gnolls
  3 adders
  2 shadow imps (D:8)
  A white imp (D:7)
  An ufetubus (D:4)
  3 worms
  2 dart slugs
  25 orcs
  4 ball pythons
  7 bats
  10 endoplasms
  2 giant cockroaches (D:1)
  9 goblins
  2 hobgoblins (D:4)
  3 jackals (D:1)
  13 kobolds
  8 quokkas
  3 frilled lizards
  6 rats
185 creatures vanquished.

Notes
Turn   | Place    | Note
-------+----------+-------------------------------------------
     0 | D:1      | Ivernyr the Formicid Fighter began the quest for the Orb.
     0 | D:1      | Reached XP level 1. HP: 18/18 MP: 1/1
   157 | D:1      | Reached XP level 2. HP: 24/24 MP: 2/2
   439 | D:1      | Reached XP level 3. HP: 25/30 MP: 3/3
  1038 | D:2      | Reached XP level 4. HP: 37/37 MP: 4/4
  1192 | D:2      | Found Aruekiocs's Assorted Antiques.
  1924 | D:3      | Noticed Jessica
  1943 | D:3      | Killed Jessica
  1944 | D:3      | Reached XP level 5. HP: 37/42 MP: 5/5
  2392 | D:4      | Found a staircase to the Ecumenical Temple.
  2411 | Temple   | Entered the Ecumenical Temple
  2447 | Temple   | Became a worshipper of the Wu Jian Council
  2510 | D:4      | HP: 1/43 [gnoll/+0 flail (5)]
  2756 | D:4      | Found a burning altar of Makhleb.
  2793 | D:4      | Reached XP level 6. HP: 40/50 MP: 6/6
  3350 | D:5      | Entered Level 5 of the Dungeon
  3360 | D:5      | Got the Elucidation of Precision Catastrophes
  3377 | D:5      | Reached skill level 5 in Fighting
  3377 | D:5      | Reached skill level 5 in Armour
  3397 | D:5      | Noticed Eustachio
  3587 | D:5      | HP: 1/51 [shadow imp/nerve-wracking pain[Eustachio] (13)]
  3588 | D:5      | Killed Eustachio
  3589 | D:5      | Reached XP level 7. HP: 1/56 MP: 7/7
  3883 | D:5      | Reached * piety under Wu Jian
  4019 | D:5      | Got the Discourse on Blasts and Grit
  4260 | D:5      | Got Nistym's Papyrus of Congelation
  4454 | D:6      | Noticed a water moccasin
  4467 | D:6      | Killed a water moccasin
  4468 | D:6      | Reached skill level 5 in Maces & Flails
  4468 | D:6      | Reached XP level 8. HP: 19/64 MP: 8/8
  5272 | D:6      | Identified the +5 tower shield "Duanigg" {Str+2}
  5428 | D:6      | Reached XP level 9. HP: 60/72 MP: 9/9
  6026 | D:7      | Reached ** piety under Wu Jian
  6768 | D:8      | Found a staircase to the Lair.
  6882 | D:8      | Found an ancient bone altar of Kikubaaqudgha.
  7537 | D:8      | Found a glowing silver altar of Zin.
  7635 | D:8      | Reached XP level 10. HP: 82/82 MP: 10/10
  7851 | D:9      | Noticed Joseph
  7862 | D:9      | Killed Joseph
  7961 | D:9      | HP: 4/83 [orc priest/nerve-wracking pain (13)]
  7964 | D:9      | Reached *** piety under Wu Jian
  8171 | D:9      | Noticed an unseen horror
  8184 | D:9      | Killed an unseen horror
  8193 | D:9      | Noticed Psyche
  8216 | D:9      | Killed Psyche
  8495 | D:9      | Noticed Pikel
  8502 | D:9      | Killed Pikel
  8503 | D:9      | Reached skill level 10 in Armour
  8577 | D:9      | Reached skill level 10 in Fighting
  8614 | D:9      | Noticed Amaemon
  8682 | D:9      | Killed Amaemon
  8765 | D:9      | Noticed an orange demon
  9278 | D:9      | Killed an orange demon
  9279 | D:9      | Reached skill level 5 in Shields
  9279 | D:9      | Reached XP level 11. HP: 88/91 MP: 11/11
  9525 | D:10     | Entered Level 10 of the Dungeon
  9595 | Lair:1   | Entered Level 1 of the Lair of Beasts
  9621 | Lair:1   | Noticed Gastronok
  9660 | Lair:1   | Slain by Gastronok

Illustrated notes

Levels and vault maps discovered:
D:1:      sevenhm_arrival_forest_fort_large_2, layout_basic
D:2:      layout_basic, serial_shops, nicolae_shop_tiny_waterfront
D:3:      layout_rooms, kennysheep_jessica_study
D:4:      wad_woods_settlement, layout_loops_ring, mainiacjoe_overflow_alcove_4
D:5:      layout_rooms, uniq_eustachio
D:6:      layout_cave_pods, kennysheep_generic_room_13
D:7:      layout_loops_cross, grunt_ministairs_12, kennysheep_another_room
D:8:      layout_loops_corners, kiku_gazebo_garden_becter,
          nicolae_overflow_hidden_temple, lair_entry_dummy
D:9:      layout_loops_ring, minmay_hedge_maze, corexii_checkpoint_a,
          grunt_ministairs_11, uniq_amaemon, uniq_pikel, uniq_psyche,
          uniq_joseph
D:10:     layout_loops_ring, nzn_hepliaklqana_mist_gate, marbit_many_paths,
          nicolae_uskayaw_en_pointe, orc_0_dummy
Temple:   eino_temple_scatter_basement
Lair:1:   gammafunk_worm_tunnel, layout_chaotic_city, worms_lemuel,
          uniq_gastronok

Skill      XL: |  1  2  3  4  5  6  7  8  9 10 |
---------------+-------------------------------+-----
Armour         | 4 5 6 7 8 10 | 10.4
Fighting       | 4 5 6 7 8 10 | 10.4
Maces & Flails | 3 4 5 6 7 9 |  9.6
Shields        | 5 |  5.3

Action                     |  1- 3 |  4- 6 |  7- 9 | 10-12 || total
---------------------------+-------+-------+-------+-------++-------
  Melee: Flail             |   112 |   196 |    31 |       ||   339
         Morningstar       |       |       |   251 |   146 ||   397
Ability: Lunge             |       |     6 |     9 |    11 ||    26
         Whirlwind         |       |       |    23 |     1 ||    24
         Dig               |       |       |     1 |       ||     1
    Use: Potion            |       |       |     1 |     4 ||     5
         Scroll            |       |       |       |    14 ||    14
 Armour: Scale mail        |    56 |    88 |    94 |    29 ||   267
  Dodge: Dodged            |    57 |   103 |    82 |    23 ||   265
  Block: Buckler           |    21 |    66 |    53 |       ||   140
         Tower shield      |       |       |   158 |   139 ||   297
